[Event "CRO-ch Youth U17 2020"]
[Site "Vinkovci"]
[Date "2020.08.01"]
[Round "7.7"]
[White "Mihaljevic, Eva"]
[Black "Randic, Petra"]
[Result "0-1"]
[ECO "A45"]
[WhiteElo "1223"]
[BlackElo "1794"]
[Annotator "NA"]
[PlyCount "52"]
[EventDate "2020.07.28"]
[EventType "swiss"]
[EventCountry "CRO"]
[SourceTitle "playchess.com"]
[Source "ChessBase"]
[SourceQuality "1"]
[TimeControl "5400+30"]

1. d4 Nf6 2. Bf4 g6 3. Nc3 d5 4. e3 Bg7 5. h4 Be6 6. Nf3 c5 7. Nb5 Na6 8. c3 Qb6 9. dxc5 Qxc5 10. a4 Ne4 11. Ne5 f6 12. Nd4 Qc8 13. Bb5+ Kf8 14. Nxe6+ Qxe6 15. Bd7 Qg8 16. Qg4 Nac5 17. Nf3 f5 18. Bxf5 gxf5 19. Qxf5+ Qf7 20. Qxf7+ Kxf7 21. Ke2 Ne6 22. Bh2 Rhf8 23. Rhd1 Rad8 24. Rd3 N6c5 25. Rdd1 Kg8 26. Rac1 Nxa4 0-1

[Event "CRO-ch Youth U17 2020"]
[Site "Vinkovci"]
[Date "2020.08.01"]
[Round "7.8"]
[White "Bevanda, Ema"]
[Black "Juric, Ester"]
[Result "1-0"]
[ECO "D02"]
[WhiteElo "1554"]
[BlackElo "1663"]
[Annotator "NA"]
[PlyCount "117"]
[EventDate "2020.07.28"]
[EventType "swiss"]
[EventCountry "CRO"]
[SourceTitle "playchess.com"]
[Source "ChessBase"]
[SourceQuality "1"]
[TimeControl "5400+30"]

1. d4 d5 2. Bf4 Nf6 3. e3 e6 4. Nf3 Bd6 5. Ne5 O-O 6. Bd3 c5 7. c3 Qc7 8. Qf3 Nc6 9. Nxc6 Qxc6 10. Bg5 Ne4 11. Bh4 b6 12. a4 a6 13. O-O Bb7 14. Qh3 f5 15. f3 Nf6 16. Nd2 Qd7 17. Bg3 Bxg3 18. Qxg3 Rad8 19. Rfc1 cxd4 20. exd4 Rfe8 21. Re1 Qd6 22. Qxd6 Rxd6 23. Nb3 Kf7 24. Re3 g5 25. Rae1 h5 26. Nd2 g4 27. g3 Bc8 28. Kg2 Rh8 29. Nf1 h4 30. fxg4 Nxg4 31. Rf3 hxg3 32. Rxg3 Rdd8 33. h3 Nf6 34. Nd2 Nh5 35. Rf3 Rdg8+ 36. Kh2 Nf6 37. Rg3 Rxg3 38. Kxg3 Ne4+ 39. Nxe4 fxe4 40. Be2 a5 41. Rf1+ Kg6 42. Bb5 Kg7 43. Rf2 Rh5 44. Be8 Rf5 45. Rxf5 exf5 46. Kf4 Kf6 47. Bh5 Be6 48. h4 Bd7 49. Bd1 b5 50. axb5 Bxb5 51. Bb3 Bc6 52. c4 Ke6 53. cxd5+ Bxd5 54. Bxd5+ Kxd5 55. h5 Kxd4 56. h6 e3 57. h7 e2 58. h8=Q+ Kd3 59. Qc3# 1-0

[Event "CRO-ch Youth U17 2020"]
[Site "Vinkovci"]
[Date "2020.08.03"]
[Round "8.2"]
[White "Vucenovic, Damian"]
[Black "Troselj, Ivan"]
[Result "0-1"]
[ECO "B13"]
[WhiteElo "1952"]
[BlackElo "1857"]
[Annotator "ChessBase"]
[PlyCount "120"]
[EventDate "2020.07.28"]
[EventType "swiss"]
[EventCountry "CRO"]
[SourceTitle "playchess.com"]
[Source "ChessBase"]
[SourceQuality "1"]
[TimeControl "5400+30"]

1. e4 c6 2. d4 d5 3. exd5 cxd5 4. Bd3 Nc6 5. c3 Nf6 6. Bf4 Bg4 7. Qb3 Qd7 8. Nd2 e6 9. h3 Bh5 10. Ngf3 Bd6 11. Bxd6 Qxd6 12. Qxb7 Rb8 13. Qa6 O-O 14. O-O Rb6 15. Qa4 Rxb2 16. Rab1 Rfb8 17. Rxb2 Rxb2 18. Rb1 Rxb1+ 19. Bxb1 Bxf3 20. Nxf3 g6 21. Qa6 Qc7 22. Bd3 Kg7 23. Bb5 Nb8 24. Qa4 Ne4 25. c4 a6 26. Bxa6 Nxa6 27. Qxa6 dxc4 28. Qa4 Nf6 29. Ne1 Nd5 30. Nc2 c3 31. Qb3 Qf4 32. Qb1 Qd2 33. a4 Nf4 34. a5 Ne2+ 35. Kh1 Qd3 36. Kh2 Nxd4 37. a6 Nb5 38. Qb3 Qd6+ 39. g3 Qxa6 40. Qc4 Qb7 41. Nd4 Qe4 42. Qxb5 Qxd4 43. Qe2 h6 44. h4 h5 45. Kg2 Kg8 46. Kh2 Qd2 47. Qf3 c2 48. Qa8+ Kh7 49. Qa7 Kg7 50. Qa1+ Kf8 51. Qa8+ Ke7 52. Qb7+ Kf6 53. Qb2+ e5 54. Qb6+ Kg7 55. Qc5 c1=Q 56. Qxe5+ Kh7 57. Qf6 Qc7 58. Kh1 Qb7+ 59. Kh2 Qd1 60. g4 Qdh1+ 0-1

[Event "CRO-ch Youth U17 2020"]
[Site "Vinkovci"]
[Date "2020.08.03"]
[Round "8.3"]
[White "Mazuran, Gabrijel"]
[Black "Kovac, Petar"]
[Result "1/2-1/2"]
[ECO "E05"]
[WhiteElo "2053"]
[BlackElo "1949"]
[Annotator "ChessBase"]
[PlyCount "34"]
[EventDate "2020.07.28"]
[EventType "swiss"]
[EventCountry "CRO"]
[SourceTitle "playchess.com"]
[Source "ChessBase"]
[SourceQuality "1"]
[TimeControl "5400+30"]

1. d4 d5 2. Nf3 Nf6 3. c4 e6 4. g3 Be7 5. Bg2 O-O 6. O-O dxc4 7. Qc2 a6 8. a4 Bd7 9. Ne5 Bc6 10. Nxc6 Nxc6 11. e3 Na5 12. Nd2 c5 13. Nxc4 cxd4 14. Nxa5 Qxa5 15. Bxb7 Rab8 16. Bf3 Rfc8 17. Qe2 Bc5 1/2-1/2

[Event "CRO-ch Youth U17 2020"]
[Site "Vinkovci"]
[Date "2020.08.03"]
[Round "8.4"]
[White "Mahecic, Lovre"]
[Black "Dabic, Stjepan"]
[Result "1/2-1/2"]
[ECO "A68"]
[WhiteElo "1977"]
[BlackElo "2120"]
[Annotator "ChessBase"]
[PlyCount "78"]
[EventDate "2020.07.28"]
[EventType "swiss"]
[EventCountry "CRO"]
[SourceTitle "playchess.com"]
[Source "ChessBase"]
[SourceQuality "1"]
[TimeControl "5400+30"]

1. c4 Nf6 2. Nc3 g6 3. d4 Bg7 4. e4 d6 5. f4 O-O 6. Nf3 c5 7. d5 e6 8. Be2 exd5 9. cxd5 b5 10. Bxb5 Qa5 11. O-O Nxe4 12. Nxe4 Qxb5 13. Nxd6 Qa6 14. Nxc8 Rxc8 15. Ne5 f6 16. Ng4 h5 17. Ne3 f5 18. Kh1 Nd7 19. d6 Bd4 20. Bd2 Qxd6 21. Bc3 Nf6 22. Qb3+ Kg7 23. Rad1 Qb6 24. Qa3 Rd8 25. Bxd4 Rxd4 26. Rxd4 cxd4 27. Qe7+ Kg8 28. Nc4 Qa6 29. Rd1 Re8 30. Qb4 Nd5 31. Qc5 Qe6 32. Qxd4 Qe1+ 33. Rxe1 Rxe1+ 34. Qg1 Rxg1+ 35. Kxg1 Nxf4 36. Kf2 Kf7 37. g3 Nd5 38. Ne5+ Kf6 39. Nc6 a6 1/2-1/2

[Event "CRO-ch Youth U17 2020"]
[Site "Vinkovci"]
[Date "2020.08.03"]
[Round "8.5"]
[White "Jurakic, Lukas"]
[Black "Mrvac, Petar"]
[Result "1-0"]
[ECO "B68"]
[WhiteElo "2023"]
[BlackElo "1848"]
[Annotator "ChessBase"]
[PlyCount "63"]
[EventDate "2020.07.28"]
[EventType "swiss"]
[EventCountry "CRO"]
[SourceTitle "playchess.com"]
[Source "ChessBase"]
[SourceQuality "1"]
[TimeControl "5400+30"]

1. e4 c5 2. Nf3 Nc6 3. d4 cxd4 4. Nxd4 d6 5. Nc3 Nf6 6. Bg5 Bd7 7. Qd2 a6 8. O-O-O e6 9. f4 Be7 10. Be2 Rc8 11. g4 Qb6 12. Nb3 O-O 13. f5 Nb4 14. Be3 Qc7 15. Kb1 Bc6 16. Bf3 exf5 17. gxf5 d5 18. e5 Qxe5 19. Bf4 Qxf5 20. Nd4 Qd7 21. a3 Ba4 22. Nxa4 Qxa4 23. axb4 Bxb4 24. c3 Ba5 25. Be5 Nd7 26. Bd6 Rfd8 27. Rhg1 g6 28. Bxd5 Nb6 29. Bb3 Qd7 30. Be5 Nc4 31. Bxc4 Rxc4 32. Qh6 1-0

[Event "CRO-ch Youth U17 2020"]
[Site "Vinkovci"]
[Date "2020.08.03"]
[Round "8.14"]
[White "Matota, Dominik"]
[Black "Maravic, Ivan"]
[Result "1-0"]
[ECO "C90"]
[WhiteElo "1807"]
[BlackElo "2009"]
[Annotator "ChessBase"]
[PlyCount "63"]
[EventDate "2020.07.28"]
[EventType "swiss"]
[EventCountry "CRO"]
[SourceTitle "playchess.com"]
[Source "ChessBase"]
[SourceQuality "1"]
[TimeControl "5400+30"]

1. e4 e5 2. Nf3 Nc6 3. Bc4 Be7 4. O-O Nf6 5. d3 O-O 6. Re1 d6 7. c3 Na5 8. Bb5 a6 9. Ba4 b5 10. Bc2 c5 11. d4 Qc7 12. h3 cxd4 13. cxd4 Bd7 14. Nc3 Rac8 15. Bd3 Bc6 16. dxe5 dxe5 17. Nd5 Bxd5 18. exd5 Bd6 19. Bg5 Nd7 20. Rc1 Qb7 21. Rxc8 Rxc8 22. Nh4 g6 23. Qg4 h5 24. Qf3 Nf8 25. Bf6 Nd7 26. Bxg6 fxg6 27. Nxg6 Nf8 28. Qf5 Qd7 29. Qg5 Kf7 30. Nxe5+ Bxe5 31. Qg7+ Ke8 32. Rxe5+ 1-0

[Event "CRO-ch Youth U17 2020"]
[Site "Vinkovci"]
[Date "2020.08.03"]
[Round "8.15"]
[White "Mijic, Karlo"]
[Black "Karlusic, Luka"]
[Result "0-1"]
[ECO "B40"]
[WhiteElo "1729"]
[BlackElo "2159"]
[Annotator "ChessBase"]
[PlyCount "104"]
[EventDate "2020.07.28"]
[EventType "swiss"]
[EventCountry "CRO"]
[SourceTitle "playchess.com"]
[Source "ChessBase"]
[SourceQuality "1"]
[TimeControl "5400+30"]

1. e4 c5 2. Nf3 e6 3. b3 d5 4. exd5 exd5 5. Bb5+ Bd7 6. Bxd7+ Nxd7 7. O-O Be7 8. d4 Bf6 9. Re1+ Ne7 10. Bg5 Bxg5 11. Nxg5 O-O 12. dxc5 Nxc5 13. Nc3 Rc8 14. Nb5 Nc6 15. Nf3 Ne6 16. Nbd4 Nexd4 17. Nxd4 Nxd4 18. Qxd4 Rxc2 19. Qxa7 Qf6 20. Rad1 b6 21. Rf1 Qc6 22. Qa6 Rd8 23. Rfe1 h6 24. b4 Ra8 25. Qd3 Raxa2 26. Rf1 Qf6 27. Qe3 Re2 28. Qd4 Qxd4 29. Rxd4 Rab2 30. Rxd5 Rxb4 31. Rdd1 Rbb2 32. Rb1 Kf8 33. Rxb2 Rxb2 34. Re1 b5 35. g3 Rc2 36. Rb1 Rc5 37. f4 Ke7 38. Kf2 Kd6 39. g4 Kd5 40. h4 Rc2+ 41. Kf3 Rc3+ 42. Kf2 Kc4 43. g5 h5 44. f5 b4 45. Re1 b3 46. Re4+ Kd3 47. Re3+ Kc2 48. Re2+ Kc1 49. Re1+ Kc2 50. Re2+ Kb1 51. g6 fxg6 52. fxg6 b2 0-1

[Event "CRO-ch Youth U17 2020"]
[Site "Vinkovci"]
[Date "2020.08.02"]
[Round "8.16"]
[White "Milinkovic, Dominik"]
[Black "Perusko, Niko"]
[Result "1/2-1/2"]
[ECO "B11"]
[WhiteElo "1626"]
[BlackElo "1902"]
[Annotator "ChessBase"]
[PlyCount "95"]
[EventDate "2020.07.28"]
[EventType "swiss"]
[EventCountry "CRO"]
[SourceTitle "playchess.com"]
[Source "ChessBase"]
[SourceQuality "1"]
[TimeControl "5400+30"]

1. e4 c6 2. Nc3 d5 3. Nf3 dxe4 4. Nxe4 Nf6 5. d3 Qc7 6. g3 Nxe4 7. dxe4 e5 8. Bg2 Bc5 9. O-O O-O 10. b3 Bg4 11. Bb2 Nd7 12. Qd2 Rad8 13. Qg5 Bxf3 14. Bxf3 h6 15. Qh5 Bd4 16. Bxd4 exd4 17. Bg2 c5 18. f4 Nf6 19. Qe2 Rfe8 20. e5 Nd5 21. Bxd5 Rxd5 22. Qc4 Qc6 23. a4 a6 24. a5 Red8 25. Rad1 Qb5 26. Ra1 Qd7 27. Rad1 Qg4 28. Kg2 Qf5 29. Qd3 Qe6 30. Qd2 Qc6 31. Kg1 c4 32. bxc4 Qxc4 33. Rb1 R8d7 34. Rf3 Qa2 35. Rfb3 d3 36. R3b2 Qc4 37. cxd3 Rxd3 38. Qe1 Qd4+ 39. Kh1 Qd5+ 40. Kg1 Rc7 41. f5 Re7 42. Re2 Qc5+ 43. Kh1 Qd5+ 44. Kg1 Qc5+ 45. Kh1 Rc3 46. Rd1 Qc6+ 47. Kg1 Qc5+ 48. Kh1 1/2-1/2

[Event "CRO-ch Youth U17 2020"]
[Site "Vinkovci"]
[Date "2020.08.04"]
[Round "9.1"]
[White "Levacic, Matej"]
[Black "Jurakic, Lukas"]
[Result "1-0"]
[ECO "D85"]
[WhiteElo "2040"]
[BlackElo "2023"]
[Annotator "ChessBase"]
[PlyCount "93"]
[EventDate "2020.07.28"]
[EventType "swiss"]
[EventCountry "CRO"]
[SourceTitle "playchess.com"]
[Source "ChessBase"]
[SourceQuality "1"]
[TimeControl "5400+30"]

1. d4 Nf6 2. c4 g6 3. Nc3 d5 4. cxd5 Nxd5 5. e4 Nxc3 6. bxc3 Bg7 7. Be3 c5 8. Rc1 O-O 9. Nf3 Nc6 10. d5 Ne5 11. Nxe5 Bxe5 12. Be2 Qc7 13. Qd2 Rd8 14. f4 Bh8 15. c4 Bd7 16. O-O Be8 17. e5 Rac8 18. Bf3 Qb6 19. Qf2 Qa5 20. Qh4 e6 21. d6 Rd7 22. Bg4 f5 23. Be2 a6 24. Rc2 Bg7 25. Rb1 Bf8 26. Rcb2 Rcd8 27. Rxb7 Qxa2 28. R7b2 Qa5 29. Qe1 Qa4 30. Bxc5 Qc6 31. Qf2 Rc8 32. Be3 g5 33. c5 gxf4 34. Qxf4 Rg7 35. Bf3 Qd7 36. c6 Rxc6 37. Rb7 Qxb7 38. Rxb7 Rxb7 39. Bxc6 Bxc6 40. Bd2 Rg7 41. g3 Rg4 42. Qe3 Bb5 43. Qa7 Rg7 44. Qb8 Kf7 45. Bh6 Rg8 46. Qc7+ Ke8 47. Bxf8 1-0

[Event "CRO-ch Youth U17 2020"]
[Site "Vinkovci"]
[Date "2020.08.04"]
[Round "9.2"]
[White "Troselj, Ivan"]
[Black "Matota, Dominik"]
[Result "1/2-1/2"]
[ECO "C26"]
[WhiteElo "1857"]
[BlackElo "1807"]
[Annotator "NA"]
[PlyCount "90"]
[EventDate "2020.07.28"]
[EventType "swiss"]
[EventCountry "CRO"]
[SourceTitle "playchess.com"]
[Source "ChessBase"]
[SourceQuality "1"]
[TimeControl "5400+30"]

1. e4 e5 2. Nc3 Bc5 3. g3 Nc6 4. Bg2 Nf6 5. Nge2 O-O 6. O-O a6 7. d3 h6 8. h3 d6 9. Kh2 Bd7 10. f4 Qe7 11. f5 Nd4 12. g4 c6 13. Ng3 Qe8 14. h4 Nh7 15. Nh5 f6 16. Be3 b5 17. Qd2 Qf7 18. Nd1 b4 19. Bxd4 exd4 20. Nf4 Rfd8 21. Nf2 Rab8 22. N2h3 a5 23. b3 a4 24. Ng6 d5 25. exd5 Bd6+ 26. Nhf4 Rdc8 27. Rae1 Rb5 28. dxc6 Bxc6 29. Re6 Bxg2 30. Kxg2 Qc7 31. Rf2 axb3 32. axb3 Rc5 33. Qxb4 Nf8 34. Qxd4 Bxf4 35. Nxf4 Nxe6 36. fxe6 Rxc2 37. Qe4 Rxf2+ 38. Kxf2 Qc2+ 39. Kg3 Qxb3 40. Nd5 Qb8+ 41. Kf3 Qd6 42. Nxf6+ gxf6 43. Qg6+ Kh8 44. Qxh6+ Kg8 45. Qg6+ Kh8 1/2-1/2

[Event "CRO-ch Youth U17 2020"]
[Site "Vinkovci"]
[Date "2020.08.04"]
[Round "9.3"]
[White "Dabic, Stjepan"]
[Black "Ljubicic, Mario"]
[Result "1-0"]
[ECO "E71"]
[WhiteElo "2120"]
[BlackElo "1966"]
[Annotator "ChessBase"]
[PlyCount "73"]
[EventDate "2020.07.28"]
[EventType "swiss"]
[EventCountry "CRO"]
[SourceTitle "playchess.com"]
[Source "ChessBase"]
[SourceQuality "1"]
[TimeControl "5400+30"]

1. d4 Nf6 2. c4 g6 3. Nc3 Bg7 4. e4 d6 5. h3 O-O 6. Be3 e5 7. d5 Na6 8. g4 Nc5 9. f3 c6 10. Nge2 cxd5 11. cxd5 h5 12. Qd2 Nh7 13. O-O-O h4 14. Kb1 Bf6 15. Bg2 Bg5 16. f4 exf4 17. Nxf4 Re8 18. Rhf1 b6 19. Qf2 Qe7 20. Bd4 Ba6 21. Rfe1 Bxf4 22. Qxf4 Nd3 23. Qh6 Qf8 24. Qxh4 g5 25. Qg3 Nxe1 26. Rxe1 Qh6 27. Bf1 Bxf1 28. Rxf1 b5 29. Qd3 a6 30. Ne2 Rad8 31. Ng3 Qxh3 32. Rh1 Qxg4 33. e5 f5 34. Nxf5 Qf4 35. e6 Rc8 36. Nh6+ Kf8 37. Rf1 1-0

[Event "CRO-ch Youth U17 2020"]
[Site "Vinkovci"]
[Date "2020.08.04"]
[Round "9.4"]
[White "Kovac, Petar"]
[Black "Mahecic, Lovre"]
[Result "1-0"]
[ECO "A52"]
[WhiteElo "1949"]
[BlackElo "1949"]
[Annotator "ChessBase"]
[PlyCount "47"]
[EventDate "2020.07.28"]
[EventType "swiss"]
[EventCountry "CRO"]
[SourceTitle "playchess.com"]
[Source "ChessBase"]
[SourceQuality "1"]
[TimeControl "5400+30"]

1. d4 Nf6 2. c4 e5 3. dxe5 Ng4 4. Nf3 Bc5 5. e3 Nc6 6. Be2 Ngxe5 7. Nfd2 d6 8. O-O O-O 9. Nc3 Bf5 10. Nde4 Bb6 11. Ng3 Bg6 12. f4 Nb4 13. f5 Qg5 14. a3 Bxe3+ 15. Kh1 Nbd3 16. Bxd3 Ng4 17. h3 Ne5 18. Nce4 Qh6 19. fxg6 fxg6 20. Be2 Rxf1+ 21. Nxf1 Bxc1 22. Qxc1 Qh4 23. Nfg3 Re8 24. Qg5 1-0

[Event "CRO-ch Youth U17 2020"]
[Site "Vinkovci"]
[Date "2020.08.04"]
[Round "9.5"]
[White "Karlusic, Luka"]
[Black "Vucenovic, Damian"]
[Result "0-1"]
[ECO "D36"]
[WhiteElo "2169"]
[BlackElo "1959"]
[Annotator "ChessBase"]
[PlyCount "102"]
[EventDate "2020.07.28"]
[EventType "swiss"]
[EventCountry "CRO"]
[SourceTitle "playchess.com"]
[Source "ChessBase"]
[SourceQuality "1"]
[TimeControl "5400+30"]

1. d4 d5 2. c4 e6 3. Nc3 Nf6 4. cxd5 exd5 5. Bg5 Be7 6. e3 c6 7. Qc2 O-O 8. Bd3 Nbd7 9. Nge2 Re8 10. O-O Ne4 11. Bf4 Nxc3 12. Nxc3 Nf6 13. Rab1 Bd6 14. Bxd6 Qxd6 15. h3 Kh8 16. b4 Bd7 17. Na4 b6 18. Rfc1 Ne4 19. Nc3 Nxc3 20. Qxc3 Re6 21. Bf5 Rf6 22. Bxd7 Qxd7 23. Rb2 Re8 24. Rbc2 Rg6 25. Kh1 Re4 26. b5 Rh4 27. e4 Rxe4 28. bxc6 Qc7 29. Qb4 h6 30. f3 Re3 31. Qb5 Rge6 32. Kg1 a6 33. Qxa6 Kh7 34. Kf2 Qf4 35. c7 Qxd4 36. Kf1 Qb4 37. Kg1 Re1+ 38. Rxe1 Rxe1+ 39. Kf2 Re8 40. Kg1 Re1+ 41. Kh2 Qf4+ 42. g3 Qe3 43. Rg2 Qc1 44. Qd3+ g6 45. g4 Qxc7+ 46. Rg3 Qc1 47. Rg2 Qf4+ 48. Rg3 d4 49. Kg2 Qc1 50. f4 Qb2+ 51. Kf3 Re3+ 0-1

[Event "CRO-ch Youth U17 2020"]
[Site "Vinkovci"]
[Date "2020.08.04"]
[Round "9.6"]
[White "Biljesko, Marija"]
[Black "Dejanovic, Tereza"]
[Result "1/2-1/2"]
[ECO "D37"]
[WhiteElo "1250"]
[BlackElo "1788"]
[Annotator "NA"]
[PlyCount "20"]
[EventDate "2020.07.28"]
[EventType "swiss"]
[EventCountry "CRO"]
[SourceTitle "playchess.com"]
[Source "ChessBase"]
[SourceQuality "1"]
[TimeControl "5400+30"]

1. d4 d5 2. c4 e6 3. Nc3 Nf6 4. Bf4 Be7 5. e3 O-O 6. Nf3 b6 7. Be2 Bb7 8. O-O Nbd7 9. cxd5 exd5 10. Ne5 c6 1/2-1/2

[Event "CRO-ch Youth U17 2020"]
[Site "Vinkovci"]
[Date "2020.08.04"]
[Round "9.7"]
[White "Randic, Petra"]
[Black "Juric, Ester"]
[Result "1/2-1/2"]
[ECO "D27"]
[WhiteElo "1794"]
[BlackElo "1663"]
[Annotator "NA"]
[PlyCount "24"]
[EventDate "2020.07.28"]
[EventType "swiss"]
[EventCountry "CRO"]
[SourceTitle "playchess.com"]
[Source "ChessBase"]
[SourceQuality "1"]
[TimeControl "5400+30"]

1. d4 d5 2. c4 dxc4 3. Nc3 Nf6 4. e3 e6 5. Bxc4 c5 6. Nf3 a6 7. a4 Nc6 8. O-O cxd4 9. Nxd4 Nxd4 10. exd4 Be7 11. d5 exd5 12. Nxd5 Nxd5 1/2-1/2

[Event "CRO-ch Youth U17 2020"]
[Site "Vinkovci"]
[Date "2020.08.04"]
[Round "9.8"]
[White "Bevanda, Ema"]
[Black "Raguz, Sima"]
[Result "1-0"]
[ECO "D00"]
[WhiteElo "1554"]
[BlackElo "1128"]
[Annotator "NA"]
[PlyCount "37"]
[EventDate "2020.07.28"]
[EventType "swiss"]
[EventCountry "CRO"]
[SourceTitle "playchess.com"]
[Source "ChessBase"]
[SourceQuality "1"]
[TimeControl "5400+30"]

1. d4 d5 2. Bf4 c5 3. e3 Nc6 4. c3 Bf5 5. Nf3 e6 6. Bd3 Bxd3 7. Qxd3 Nf6 8. h3 Be7 9. Nbd2 cxd4 10. exd4 O-O 11. O-O Nh5 12. Bh2 Bd6 13. Ne5 Nxe5 14. dxe5 Bc7 15. g4 Qg5 16. f4 Nxf4 17. Bxf4 Qh4 18. Kg2 f6 19. Nf3 1-0